 Dungeon Crawl Stone Soup version 0.31-a0-626-g8143ab4f1d (webtiles) character file.

Game seed: 12598199311865404804

15640 ytrimaz the Metamorph (level 12, 0/103 HPs)
             Began as an Octopode Shapeshifter on Aug 24, 2023.
             Was an Initiate of Ashenzari.
             Slain by a komodo dragon (12 damage)
             ... on level 1 of the Lair of Beasts.
             The game lasted 00:12:53 (12822 turns).

ytrimaz the Metamorph (Octopode Shapeshifter)      Turns: 12822, Time: 00:12:54

Health: 0/103      AC: 30    Str: 16    XL:     12   Next: 29%
Magic:  12/12      EV:  2    Int: 11    God:    Ashenzari [......]
Gold:   1742       SH:  0    Dex: 21    Spells: 11/11 levels left

rFire   + .          .
                       - Unarmed
rCold   + . .        (no shield)
rNeg    . . .        (helmet currently unavailable)
rPois   +            (no amulet)
rElec   .            g - ring of see invisible
rCorr   .            e - +4 ring of protection
SInv    +            n - ring "Circumscribed Negation" {Fly, Cun, Self} (curse)
Will    .....        r - ring of protection from fire
Stlth   ++           s - +6 ring of dexterity
HPRegen 0.37/turn    y - ring of protection from cold
MPRegen 0.13/turn    (no ring)
                     (no ring)

%: no passive effects
@: mighty, tree-form
A: stationary, stasis, torment immunity, boosted hp, almost no armour,
(amphibious), 8 rings, (camouflage 1), (gelatinous body 1), (nimble swimmer 1),
(tentacles)
a: Renounce Religion, Shatter the Chains


You were on level 1 of the Lair of Beasts.
You worshipped Ashenzari.
Ashenzari was noncommittal.
You were a tree.
You visited 4 branches of the dungeon, and saw 14 of its levels.

You collected 1916 gold pieces.
You spent 174 gold pieces at shops.


Innate Abilities, Weirdness & Mutations

You are a tree.
Your roots penetrate the ground, keeping you stationary.
You cannot be teleported.
You are immune to unholy pain and torment.
Your maximum health is greatly increased.
You cannot wear most types of armour.
((You are amphibious.))
You can wear up to eight rings at the same time.
((Your skin changes colour to match your surroundings (Stealth+).))
((Your rubbery body absorbs attacks. (AC +1, EV +1)))
((You are camouflaged when in or above water. (Stealth+)))
((You have tentacles for arms and can constrict up to eight enemies at once.))


   Skills:
 - Level 1.0(1.2) Fighting
 - Level 2.0(2.3) Dodging
 - Level 10.0 Unarmed Combat
 * Level 15.9 Shapeshifting


You had 11 spell levels left.
You didn't know any spells.
Your spell library contained the following spells:

 Spells                   Type           Power      Damage    Failure   Level
 Apportation              Tloc           0%         N/A       34%         1
 Necrotise                Necr           0%         1d4       34%         1
 Summon Small Mammal      Summ           0%         N/A       34%         1
 Sublimation of Blood     Necr           0%         N/A       47%         2
 Petrify                  Tmut/Erth      0%         N/A       98%         4
 Irradiate                Conj/Tmut      0%         3d11      100%        5

Inventory:

Jewellery
 e - a +4 ring of protection (right branch)
   (You found it on level 2 of the Dungeon)
 g - a ring of see invisible (left branch)
   (You found it on level 1 of the Dungeon)
 n - the cursed ring "Circumscribed Negation" (on tentacle) {Fly, Cun, Self}
   (You found it on level 3 of the Dungeon)

   [ring of flight]

   Fly:       It grants you flight.
   It has a curse which improves the following skills: Cunning: Dodging and
   Stealth.
   Introspection: Fighting and Spellcasting.
 r - a ring of protection from fire (on tentacle)
   (You found it on level 3 of the Dungeon)
 s - a +6 ring of dexterity (on tentacle)
   (You found it on level 3 of the Dungeon)
 y - a ring of protection from cold (on tentacle)
   (You bought it in a shop on level 6 of the Dungeon)
 F - a ring of see invisible
   (You found it on level 8 of the Dungeon)
Talismans
 b - a beast talisman
 c - a flux talisman
 u - a serpent talisman
   (You found it on level 4 of the Dungeon)
 w - a blade talisman
   (You found it on level 6 of the Dungeon)
Wands
 B - a wand of digging (6)
   (You found it on level 1 of the Lair of Beasts)
 I - a wand of roots (6)
   (You took it off a centaur on level 10 of the Dungeon)
Scrolls
 d - a scroll of vulnerability
 f - 2 scrolls of blinking {unknown}
 h - 6 scrolls of teleportation {unknown}
 l - 11 scrolls of identify {unknown}
 o - 4 scrolls of fog
 p - 5 scrolls of amnesia {unknown}
 q - 4 scrolls of poison {unknown}
 z - 3 scrolls of enchant weapon {unknown}
 A - a scroll of noise {unknown}
 D - a scroll of fear {unknown}
 G - a scroll of torment {unknown}
Potions
 a - a potion of degeneration {unknown}
 i - a potion of attraction {unknown}
 j - 4 potions of curing
 k - a potion of cancellation {unknown}
 m - a potion of resistance {unknown}
 t - 3 potions of brilliance {unknown}
 v - a potion of lignification
 x - 2 potions of heal wounds {unknown}
 C - a potion of enlightenment {unknown}
 H - a potion of ambrosia {unknown}
 J - a potion of haste {unknown}

Dungeon Overview and Level Annotations

Branches:
Dungeon (11/15) Zot: 25563  Temple (1/1) D:7 Zot: 5998    Lair (1/5) D:8 Zot: 5100
    Orc (1/2) D:10 Zot: 5983

Altars:
Ashenzari
Cheibriados
Dithmenos
Elyvilon
Fedhas
Gozag
Hepliaklqana
Kikubaaqudgha
Makhleb
Nemelex Xobeh
Okawaru
Qazlal
Ru
Sif Muna
Trog
Uskayaw
Vehumet
Wu Jian
Xom
Yredelemnul
Zin
The Shining One

Shops:
D:2 :   D:4 :   D:6 *   Orc:1 !

Portals:
Abyss: D:6

Annotations:
D:6 2 transporters, javelincjr's ghost, amateur DsCj
D:8 Jeremiah; Maggie
Orc:1 Urug

# #....#######P##....######....
### #..[..#.......#l..#.......#..
..# #....##......................
..# #....##.......#...#.......#..
..###....##......##...P.......#..
..##.....##.....F#P...........P..
#.###....##.....ยง##...#..........
#.###....###.#.#l##...........#.
#'##......######โ™ฃ#....#.#..#+#..
...............Fยง...............
...............................
.............................
.....................#.###.###
..................F..........#
........###.##.####..........#
###.....P............#.......#
####.....>........#.โ€ #..........


You could see a komodo dragon and 3 blink frogs.


Message History

The blink frog misses you. ๐Ÿ˜ฎ HP[+1] Unknown command.
The blink frog hits you but does no damage.
The blink frog hits you! ๐Ÿ˜ฎ HP[-8]
You take 8 damage, and now have 51/82 hp.
The blink frog blinks! ๐Ÿ˜ฎ HP[+1]
The blink frog barely misses you. ๐Ÿ˜ฎ HP[+1]
The blink frog blinks! x2; The blink frog completely misses you.
The blink frog blinks! ๐Ÿ˜ฎ HP[+1] ๐Ÿ˜ฎ HP[+1]
You barely miss the blink frog. You grab the blink frog.
You constrict the blink frog.
The blink frog blinks!
The blink frog hits you! ๐Ÿ˜ฎ HP[-8]
You take 8 damage, and now have 47/82 hp.
You completely miss the blink frog. You constrict the blink frog.
The blink frog hits you.
The blink frog struggles to blink free from constriction. ๐Ÿ˜ฎ HP[-1]
You take 1 damage, and now have 46/82 hp.
You lash the blink frog! You constrict the blink frog.
The blink frog hits you but does no damage.
You body-slam the blink frog!!
You kill the blink frog! ๐Ÿ˜ฎ HP[+1]
You miss the blink frog. You grab the blink frog. You constrict the blink frog.
The blink frog hits you but does no damage.
The blink frog struggles to blink free from constriction.
The blink frog barely misses you.
You body-slam the blink frog!!
You constrict the blink frog.
The blink frog hits you but does no damage.
The blink frog misses you.
The blink frog blinks free!
The komodo dragon barely misses you.
You lash the komodo dragon! You grab the komodo dragon.
You constrict the komodo dragon, but do no damage.
The komodo dragon bites you. The blink frog hits you.
* * * LOW HITPOINT WARNING * * *
๐Ÿ˜จ HP[-6]
You take 6 damage, and now have 41/82 hp.
Unknown command.
You body-slam the blink frog!!
You constrict the komodo dragon.
The blink frog blinks!
The komodo dragon bites you but does no damage.
You barely miss the blink frog. You constrict the komodo dragon.
The komodo dragon bites you!
* * * LOW HITPOINT WARNING * * *
The blink frog hits you.
* * * LOW HITPOINT WARNING * * *
The blink frog blinks!
Unknown command. ๐Ÿ˜ฑ HP[-21]
You take 21 damage, and now have 20/82 hp.
MASSIVE DAMAGE!! (PAUSE)
You release your grip on the komodo dragon.
The blink frog blinks! x2 ๐Ÿ˜จ HP[+1] Unknown command.
You lash the komodo dragon! Your grab misses the komodo dragon.
The komodo dragon bites you but does no damage.
Unknown command.
Your transformation has ended.
You turn into a tree.
Your roots penetrate the ground.
The blink frog blinks!
The komodo dragon completely misses you. ๐Ÿ˜จ HP[+11]
You now have 103 max hp (+21).
You regained 11 hp, and now have 32/103 hp.
Unknown command.
You hit the komodo dragon but do no damage.
The blink frog hits you but does no damage. x2
You hit the komodo dragon but do no damage.
The komodo dragon bites you!
* * * LOW HITPOINT WARNING * * *
The blink frog hits you but does no damage. ๐Ÿ˜ฑ HP[-13]
You take 13 damage, and now have 19/103 hp.
Unknown command.
You barely miss the komodo dragon. The komodo dragon bites you.
* * * LOW HITPOINT WARNING * * *
The blink frog hits you but does no damage.
You closely miss the komodo dragon.
The blink frog hits you but does no damage.
The komodo dragon bites you.
* * * LOW HITPOINT WARNING * * *
๐Ÿ˜ฑ HP[-6]
You take 6 damage, and now have 13/103 hp.
Unknown command.
You barely miss the komodo dragon.
The blink frog hits you but does no damage. x2
The komodo dragon bites you but does no damage.
The blink frog hits you but does no damage.
Unknown command.
You feel very mighty all of a sudden.
The blink frog blinks!
The blink frog hits you.
* * * LOW HITPOINT WARNING * * *
The blink frog blinks!
The komodo dragon bites you!
You die...

Skill      XL: |  1  2  3  4  5  6  7  8  9 10 11 |
---------------+----------------------------------+-----
Unarmed Combat | 4 5 6 7 9 10 | 10.0
Shapeshifting  | 4 5 7 8 10 12 15 | 15.9
Fighting       | |  1.0
Dodging        | |  2.0

Action                     |  1- 3 |  4- 6 |  7- 9 | 10-12 || total
---------------------------+-------+-------+-------+-------++-------
  Melee: Unarmed           |    56 |   113 |   137 |   380 ||   686
         Constrict         |    14 |    27 |    36 |    97 ||   174
         Tentacles         |    11 |    13 |       |       ||    24
         Punch             |     1 |     2 |       |       ||     3
 Invoke: Curse Item        |       |       |       |     1 ||     1
  Evoke: Wand              |       |       |    12 |     5 ||    17
    Use: Potion            |     3 |       |     2 |     5 ||    10
         Scroll            |       |       |     2 |       ||     2
   Stab: Sleeping          |     7 |     8 |     4 |     5 ||    24
         Distracted        |       |       |     1 |       ||     1
 Armour: Skin              |     8 |    28 |    62 |   180 ||   278
  Dodge: Dodged            |    35 |    53 |    62 |   175 ||   325
   Form: Anaconda          |       |     1 |       |       ||     1

Levels and vault maps discovered:
D:1:      dreamdust_arrival_beginning_and_end, layout_loops_corners
D:2:      layout_basic, basic_altar, serial_shops, nicolae_shop_mannequins,
          uniq_terence
D:3:      cheibrodos_greedy_goblins, layout_basic, serial_rivers,
          chequers_serial_rivers_room_a, chequers_serial_rivers_small_3,
          chequers_serial_rivers_micro_c, chequers_serial_rivers_micro_b,
          chequers_serial_rivers_micro_b, chequers_serial_rivers_micro_d
D:4:      layout_rooms, grunt_temple_overflow_open,
          minmay_misc_feat_secret_circle, nicolae_shop_vocational
D:5:      layout_loops_ring
D:6:      layout_loops_corners, gammafunk_ghost_abyssal_escape,
          nicolae_shop_clearance
D:7:      layout_layer_cave, minmay_temple_entry_nine_rooms, minivault_23
D:8:      layout_layer_cave, david_lair_shrubbed, uniq_jeremiah, uniq_maggie
D:9:      layout_loops_ring, lemuel_mausoleum_altar_yredelemnul
D:10:     layout_rooms, chequers_temple_overflow_minitemple
D:11:     layout_stronghold
Temple:   jpeg_temple_clearing
Lair:1:   layout_regular_city, uniq_nergalle, uniq_joseph
Orc:1:    layout_caves, serial_shops, shop_coins,
          nicolae_shop_just_a_little_nook, shop, uniq_urug

Notes
Turn   | Place    | Note
-------+----------+-------------------------------------------
     0 | D:1      | ytrimaz the Octopode Shapeshifter began the quest for the
                  | Orb.
     0 | D:1      | Reached XP level 1. HP: 13/13 MP: 1/1
     0 | D:1      | magus.rc [v1.9.6]
     3 | D:1      | You pick up a book of Alchemy and begin reading...
     3 | D:1      | You add the spells Sublimation of Blood, Petrify and
                  | Irradiate to your library.
   112 | D:1      | Reached XP level 2. HP: 13/18 MP: 2/2
   831 | D:1      | Reached XP level 3. HP: 23/23 MP: 3/3
   935 | D:2      | Found a blossoming altar of Fedhas.
  1053 | D:2      | Noticed Terence
  1056 | D:2      | HP: 1/23 [Terence/+0 hand axe (8)]
  1061 | D:2      | Killed Terence
  1062 | D:2      | Reached skill level 4 in Unarmed Combat
  1062 | D:2      | Reached XP level 4. HP: 2/28 MP: 4/4
  1222 | D:2      | Found Vaem Onufa's Book Shoppe.
  1222 | D:2      | Noticed a walking crystal tome
  1225 | D:2      | Noticed a walking earthen tome
  1321 | D:2      | Reached skill level 4 in Shapeshifting
  1512 | D:2      | Reached XP level 5. HP: 33/33 MP: 5/5
  1531 | D:2      | You fall into a shaft and drop 1 floor!
  2842 | D:4      | Found Fanutamo's Vocational Training.
  2906 | D:4      | HP: 1/18 [orc/+0 heavy war axe (15)]
  2907 | D:4      | Reached skill level 5 in Unarmed Combat
  2907 | D:4      | Reached XP level 6. HP: 2/38 MP: 6/6
  3042 | D:4      | Found an iron altar of Okawaru.
  3042 | D:4      | Found a radiant altar of Vehumet.
  3280 | D:5      | Entered Level 5 of the Dungeon
  3285 | D:5      | Reached skill level 5 in Shapeshifting
  3445 | D:5      | Reached XP level 7. HP: 26/43 MP: 7/7
  3462 | D:5      | HP: 5/29 [poisoned by a water moccasin]
  3463 | D:5      | Reached skill level 6 in Shapeshifting
  3463 | D:5      | HP: 2/31 [poisoned by a water moccasin]
  3672 | D:5      | Reached skill level 6 in Unarmed Combat
  4029 | D:5      | Reached skill level 7 in Shapeshifting
  4029 | D:5      | Reached XP level 8. HP: 22/48 MP: 8/8
  4285 | D:6      | Identified a scroll of acquirement
  4285 | D:6      | Acquired 1084 gold pieces
  4454 | D:6      | Noticed a white ugly thing
  4455 | D:6      | Found a transporter.
  4487 | D:6      | Found a transporter.
  4597 | D:6      | Found a one-way gate to the infinite horrors of the Abyss.
  4597 | D:6      | Noticed javelincjr's ghost (amateur DsCj)
  4607 | D:6      | Noticed a polar bear
  5030 | D:6      | Reached skill level 7 in Unarmed Combat
  5054 | D:6      | Found Larituh's CLEARANCE SALE!.
  5058 | D:6      | Bought a scroll of fog for 24 gold pieces
  5058 | D:6      | Bought a ring of protection from cold for 150 gold pieces
  5122 | D:7      | Reached skill level 8 in Shapeshifting
  5533 | D:7      | Reached XP level 9. HP: 45/53 MP: 9/9
  5861 | D:7      | Reached skill level 9 in Shapeshifting
  6213 | D:7      | Reached skill level 8 in Unarmed Combat
  6358 | D:7      | Found a staircase to the Ecumenical Temple.
  6363 | Temple   | Entered the Ecumenical Temple
  6726 | D:8      | Noticed a two-headed ogre
  6740 | D:8      | Killed a two-headed ogre
  6741 | D:8      | Reached skill level 10 in Shapeshifting
  6798 | D:8      | You pick up a book of Cantrips and begin reading...
  6798 | D:8      | You add the spells Necrotise, Summon Small Mammal and
                  | Apportation to your library.
  6945 | D:8      | Found a staircase to the Lair.
  6953 | D:8      | Noticed a komodo dragon
  7035 | D:8      | Noticed a two-headed ogre
  7042 | D:8      | Killed a two-headed ogre
  7043 | D:8      | Reached skill level 9 in Unarmed Combat
  7043 | D:8      | Reached XP level 10. HP: 58/58 MP: 10/10
  7191 | D:8      | Noticed Jeremiah
  7386 | D:8      | Noticed Maggie
  7610 | D:8      | Reached skill level 11 in Shapeshifting
  8053 | D:9      | Noticed a centaur warrior
  8064 | D:9      | Killed a centaur warrior
  8239 | D:9      | Reached skill level 10 in Unarmed Combat
  8244 | D:9      | Reached skill level 12 in Shapeshifting
  8370 | D:9      | Found a basalt altar of Yredelemnul.
  8574 | D:9      | Reached XP level 11. HP: 63/63 MP: 11/11
  8648 | D:9      | Reached skill level 13 in Shapeshifting
  9499 | D:10     | Entered Level 10 of the Dungeon
  9821 | D:10     | Found a staircase to the Orcish Mines.
 10123 | D:10     | Reached skill level 14 in Shapeshifting
 10342 | D:10     | Found a broken altar of Ashenzari.
 10342 | D:10     | Found a sparkling altar of Nemelex Xobeh.
 10368 | D:10     | Found an ornate altar of the Wu Jian Council.
 10370 | D:10     | Became a worshipper of Ashenzari the Shackled
 10417 | D:10     | Found an opulent altar of Gozag.
 10419 | D:10     | Found an ancient bone altar of Kikubaaqudgha.
 10545 | D:11     | Noticed a manticore
 10556 | D:11     | Killed a manticore
 10658 | D:11     | Noticed a two-headed ogre
 10670 | D:11     | Killed a two-headed ogre
 11141 | D:11     | Reached skill level 15 in Shapeshifting
 11202 | D:11     | Identified the +5 short sword "Gisomaxkyu" {spect, rElec
                  | rN+ Int+3}
 11395 | Orc:1    | Entered Level 1 of the Orcish Mines
 11395 | Orc:1    | Found Halaec's Distillery.
 11599 | Orc:1    | Noticed Urug
 11910 | Lair:1   | Entered Level 1 of the Lair of Beasts
 11931 | Lair:1   | Reached XP level 12. HP: 24/68 MP: 12/12
 12251 | Lair:1   | Noticed a boulder beetle
 12260 | Lair:1   | HP: 19/81 [boulder beetle (18)]
 12262 | Lair:1   | HP: 3/81 [boulder beetle (17)]
 12270 | Lair:1   | Killed a boulder beetle
 12813 | Lair:1   | HP: 20/82 [blink frog (4)]
 12818 | Lair:1   | HP: 19/103 [komodo dragon (13)]
 12822 | Lair:1   | Slain by a komodo dragon

Vanquished Creatures
  A centaur warrior (D:9)
  3 two-headed ogres
  A boulder beetle (Lair:1)
  A manticore (D:11)
  A cane toad (Lair:1)
  A gargoyle (D:10)
  A rime drake (Lair:1)
  An unseen horror (D:11)
  3 komodo dragons
  An unseen horror zombie (D:9)
  2 blink frogs (Lair:1)
  A vampire (D:11)
  23 yaks
  2 shadows
  A wraith (D:10)
  3 wyverns
  A basilisk (Lair:1)
  2 steam dragons
  2 wargs
  3 water moccasins
  2 acid dragons
  3 sky beasts (D:7)
  A black bear (D:6)
  An ogre (D:10)
  An orc warrior (D:10)
  An ice beast (D:6)
  4 wolves (Lair:1)
  5 centaurs
  2 bullfrogs
  A kobold brigand (D:7)
  A necrophage (D:9)
  5 scorpions (D:5)
  A gnoll sergeant (D:9)
  18 wights
  5 killer bees (D:10)
  A centaur zombie (D:9)
  3 howler monkeys (D:7)
  6 orc priests
  4 hounds
  2 jellies (D:6)
  A gnoll bouda (D:8)
  A human zombie (D:9)
  Terence (D:2)
  4 iguanas
  6 orc wizards
  A sleepcap (D:5)
  2 killer bee zombies (D:9)
  3 mummies (D:9)
  A howler monkey zombie (D:9)
  13 gnolls
  5 adders
  2 shadow imps
  3 ufetubi
  A worm (D:2)
  31 orcs
  8 ball pythons
  8 endoplasms
  3 giant cockroaches
  14 goblins
  12 hobgoblins
  3 jackals (D:2)
  3 quokkas
  4 bats
  2 frilled lizards (D:2)
  10 kobolds
  6 rats
269 creatures vanquished.

Table legend:
 A = Non-vault XP
 B = Vault XP
 C = Vault XP percentage of total XP
 D = Non-vault monster count
 E = Vault monster count
 F = Vault count percentage of total count
                 A         B        C        D         E       F
            +---------+---------+-------+---------+---------+-------
      Total |   21096 |    1248 |   5.6 |     245 |      24 |   8.9
            +---------+---------+-------+---------+---------+-------
        D:1 |      35 |       0 |   0.0 |      19 |       0 |   0.0
        D:2 |     108 |      36 |  25.0 |      28 |       1 |   3.4
        D:3 |      43 |      19 |  30.6 |      14 |      10 |  41.7
        D:4 |     102 |       0 |   0.0 |      12 |       0 |   0.0
        D:5 |     922 |       0 |   0.0 |      26 |       0 |   0.0
        D:6 |     631 |       0 |   0.0 |      13 |       0 |   0.0
        D:7 |    1251 |       0 |   0.0 |      23 |       0 |   0.0
        D:8 |    2298 |     367 |  13.8 |      20 |       1 |   4.8
        D:9 |    4538 |     826 |  15.4 |      30 |      12 |  28.6
       D:10 |    3432 |       0 |   0.0 |      28 |       0 |   0.0
       D:11 |    3441 |       0 |   0.0 |      12 |       0 |   0.0
     Lair:1 |    4083 |       0 |   0.0 |      16 |       0 |   0.0
      Orc:1 |     212 |       0 |   0.0 |       4 |       0 |   0.0
            +---------+---------+-------+---------+---------+-------

Skill      XL: |  1  2  3  4  5  6  7  8  9 10 11 |
---------------+----------------------------------+-----
Unarmed Combat | 4 5 6 7 9 10 | 10.0
Shapeshifting  | 4 5 7 8 10 12 15 | 15.9
Fighting       | |  1.0
Dodging        | |  2.0

Action                     |  1- 3 |  4- 6 |  7- 9 | 10-12 || total
---------------------------+-------+-------+-------+-------++-------
  Melee: Unarmed           |    56 |   113 |   137 |   380 ||   686
         Constrict         |    14 |    27 |    36 |    97 ||   174
         Tentacles         |    11 |    13 |       |       ||    24
         Punch             |     1 |     2 |       |       ||     3
 Invoke: Curse Item        |       |       |       |     1 ||     1
  Evoke: Wand              |       |       |    12 |     5 ||    17
    Use: Potion            |     3 |       |     2 |     5 ||    10
         Scroll            |       |       |     2 |       ||     2
   Stab: Sleeping          |     7 |     8 |     4 |     5 ||    24
         Distracted        |       |       |     1 |       ||     1
 Armour: Skin              |     8 |    28 |    62 |   180 ||   278
  Dodge: Dodged            |    35 |    53 |    62 |   175 ||   325
   Form: Anaconda          |       |     1 |       |       ||     1

Illustrated notes

Table legend:
 A = Kills in this place as a percentage of kills in the entire game.
 B = Kills by you in this place as a percentage of kills by you in the entire game.
 C = Kills by friends in this place as a percentage of kills by friends in the entire game.
 D = Other kills in this place as a percentage of other kills in the entire game.
 E = Experience gained in this place as a percentage of experience gained in the entire game.
 F = Experience gained in this place divided by the number of levels of this place that you have seen.
                   A       B       C       D       E      F
               +-------+-------+-------+-------+-------+----------------------
         Total | 100.0 | 100.0 |   N/A |   N/A | 100.0 | 1596.0
       Dungeon |  92.6 |  92.6 |   N/A |   N/A |  80.8 | 1640.8
          Lair |   5.9 |   5.9 |   N/A |   N/A |  18.3 | 4083.0
  Orcish Mines |   1.5 |   1.5 |   N/A |   N/A |   0.9 | 212.0
               +-------+-------+-------+-------+-------+----------------------

Table legend: (Time is in decaauts)
 A = Elapsed time spent in this place.
 B = Non-inter-level travel time spent in this place.
 C = Inter-level travel time spent in this place.
 D = Time resting spent in this place.
 E = Time spent auto-exploring this place.
 F = Levels seen in this place.
 G = Mean time per level.
                   A        B        C        D        E       F      G
               +--------+--------+--------+--------+--------+-----+--------+
         Total |  12724 |  12129 |    595 |    416 |   9878 |  14 |  908.9 |
       Dungeon |  11806 |  11212 |    594 |    416 |   9143 |  11 | 1073.3 |
        Temple |      1 |      1 |      0 |      0 |      0 |   1 |    1.0 |
          Lair |    898 |    898 |      0 |      0 |    735 |   1 |  898.0 |
  Orcish Mines |     16 |     16 |      0 |      0 |      0 |   1 |   16.0 |
               +--------+--------+--------+--------+--------+-----+--------+

Top non-repeatable levels by time:
     D:8: 1502 daAuts
     D:7: 1435 daAuts
    D:10: 1401 daAuts
     D:9: 1332 daAuts
     D:6: 1046 daAuts
     D:3: 1007 daAuts
     D:5: 922 daAuts
    D:11: 900 daAuts
  Lair:1: 898 daAuts
     D:1: 875 daAuts
     D:2: 785 daAuts
     D:4: 598 daAuts
   Orc:1: 16 daAuts
  Temple: 1 daAuts
